 Dungeon Crawl Stone Soup version 0.26.1-2-gb8aa6d0cf2 (webtiles) character file.

Game seed: 5232187766984501805

1529 Gauvater the Chopper (level 8, -6/71 HPs)
             Began as a Palentonga Fighter on Feb 13, 2021.
             Was an Initiate of Wu Jian.
             Mangled by an orc warrior
             ... wielding a cursed -3 scimitar
              (11 damage)
             ... on level 6 of the Dungeon on Feb 14, 2021.
             The game lasted 00:20:52 (5847 turns).

Gauvater the Chopper (Palentonga Fighter)           Turns: 5847, Time: 00:20:53

Health: -6/71      AC: 16    Str: 22    XL:     8   Next: 55%
Magic:  8/8        EV:  7    Int:  9    God:    Wu Jian [......]
Gold:   344        SH:  9    Dex:  9    Spells: 7/7 levels left

rFire    x . .     SeeInvis +   a - +0 war axe
rCold    + . .     Faith    .   c - +0 kite shield
rNeg     . . .     Spirit   .   b - +0 scale mail
rPois    .         Reflect  .   B - +0 helmet (curse)
rElec    .         Harm     .   (no cloak)
rCorr    .         Rampage  .   A - +0 pair of gloves
Will     .....                  (no barding)
Stlth    ..........             n - amulet of regeneration
HPRegen  0.61/turn              f - ring of wizardry
MPRegen  0.11/turn              o - ring of ice

@: curled up
A: large, rugged brown scales 3, see invisible, deformed body, roll 1, armoured
tail, reflexive curl
a: Rolling Charge, Renounce Religion


You were on level 6 of the Dungeon.
You worshipped Wu Jian.
Wu Jian was noncommittal.
You visited 2 branches of the dungeon, and saw 7 of its levels.

You collected 344 gold pieces.

Inventory:

Hand Weapons
 a - a +0 war axe (weapon)
 w - a +1 dagger of freezing
 y - a +2 hunting sling of flaming
Missiles
 h - 7 boomerangs
 j - 4 javelins
 u - 31 poisoned darts
 v - 6 datura-tipped darts
 x - 26 arrows
Armour
 b - a +0 scale mail (worn)
 c - a +0 kite shield (worn)
 A - a +0 pair of gloves (worn)
 B - a cursed +0 helmet (worn)
Jewellery
 f - a ring of wizardry (left hand)
 l - an uncursed amulet of reflection
 n - an amulet of regeneration (around neck)
 o - a ring of ice (right hand)
 C - an uncursed amulet of the acrobat {unknown}
Wands
 s - a wand of paralysis (10)
Scrolls
 d - a scroll of random uselessness {unknown}
 e - 3 scrolls of remove curse
 g - 2 scrolls of enchant weapon
 i - a scroll of blinking {unknown}
 k - 2 scrolls of teleportation
 q - 2 scrolls of enchant armour
 D - a scroll of identify
 E - a scroll of immolation {unknown}
Potions
 m - a potion of ambrosia {unknown}
 p - a potion of mutation
 r - a potion of cancellation
 t - 4 potions of curing
 z - a potion of invisibility


   Skills:
 + Level 4.9 Fighting
 + Level 7.0 Axes
 + Level 0.2 Throwing
 + Level 4.5 Armour
 + Level 2.3 Dodging
 + Level 0.2 Stealth
 + Level 4.3 Shields


You had 7 spell levels left.
You didn't know any spells.
Your spell library was empty.

Dungeon Overview and Level Annotations

Branches:
Dungeon (6/15)             Temple (1/1) D:6

Altars:
Ashenzari
Cheibriados
Dithmenos
Elyvilon
Fedhas
Gozag
Hepliaklqana
Kikubaaqudgha
Makhleb
Nemelex Xobeh
Okawaru
Qazlal
Ru
Sif Muna
Trog
Uskayaw
Vehumet
Wu Jian
Xom
Yredelemnul
Zin
The Shining One


Innate Abilities, Weirdness & Mutations

You are completely covered in rugged brown scales. (AC +3, +7% HP)
You have supernaturally acute eyesight. (SInv)
Armour fits poorly on your strangely shaped body.
You can roll at nearby foes to attack.
You have a long armoured tail.
You curl defensively after being hit.


Message History

You closely miss the orc warrior.
Your tail-slap misses the orc warrior.
The orc warrior is severely wounded.
The orc warrior barely misses you.
You closely miss the orc warrior.
Your tail-slap misses the orc warrior.
The orc warrior is severely wounded.
The orc priest calls down the wrath of Beogh upon you.
Beogh smites you!
* * * LOW HITPOINT WARNING * * *
You block the orc warrior's attack.
You hit the orc warrior but do no damage.
The orc warrior is severely wounded.
You block the orc warrior's attack.
The orc priest looks encouraged for a moment.
The orc priest casts a cantrip, but nothing happens.
The orc priest mumbles some strange prayers to Beogh against you.
Beogh smites you!
* * * LOW HITPOINT WARNING * * *
The orc priest looks braver for a moment.
The orc warrior hits you with a cursed -3 scimitar!
You die...

## #. #..# .# #####.###
#o.# ## #.. ..... #o.# #
#.# #...# #..# #.# #...#
#h.# #####.####..##
#oo####
##............####
#......
....##...........#
##....o
.............##)@#
##...###
##..##.###...#.#o#
#....# # .......#
##...##o#########oo..###
##..##.#
#....ooo...o.o.÷.......
#..##.#
#..##..o...).o.........
#..##.#
#..#.#.#######.........
...# #...###.#
####...### ........##
##.# #.÷.# #........ ##
#...#


You could see an orc warrior, 3 orc priests and 2 orcs.

Vanquished Creatures
  An orc warrior (D:6)
  A sky beast (D:6)
  An ice beast (D:5)
  An ogre (D:5)
  A centaur (D:5)
  2 scorpions
  A water moccasin skeleton (D:6)
  2 quasits (D:5)
  A bullfrog skeleton (D:6)
  6 hounds
  2 jellies
  4 orc priests
  2 orc wizards (D:4)
  6 worker ants
  A howler monkey zombie (D:5)
  11 adders
  A white imp (D:5)
  An ooze (D:1)
  6 worms
  4 dart slugs
  5 leopard geckos
  23 orcs
  3 giant cockroaches (D:1)
  9 goblins
  7 hobgoblins
  7 jackals
  4 quokkas
  7 bats
  6 frilled lizards
  A giant cockroach zombie (D:5)
  12 kobolds
  9 rats
148 creatures vanquished.

Vanquished Creatures (others)
  A giant cockroach (D:5)
1 creature vanquished.

Grand Total: 149 creatures vanquished

Notes
Turn   | Place    | Note
-------+----------+-------------------------------------------
     0 | D:1      | Gauvater the Palentonga Fighter began the quest for the
                  | Orb.
     0 | D:1      | Reached XP level 1. HP: 20/20 MP: 1/1
   206 | D:1      | Reached XP level 2. HP: 27/27 MP: 2/2
   919 | D:2      | Reached XP level 3. HP: 33/33 MP: 3/3
  1083 | D:2      | Found a sparkling altar of Nemelex Xobeh.
  1455 | D:3      | Reached XP level 4. HP: 25/40 MP: 4/4
  1463 | D:3      | Reached skill level 3 in Axes
  1497 | D:3      | Reached XP level 5. HP: 23/48 MP: 5/5
  1704 | D:3      | Reached skill level 4 in Axes
  1800 | D:3      | HP: 2/49 [adder (4)]
  2418 | D:4      | Reached skill level 1 in Dodging
  2418 | D:4      | Reached XP level 6. HP: 21/55 MP: 6/6
  3043 | D:4      | Reached skill level 5 in Axes
  3181 | D:4      | Found a blossoming altar of Fedhas.
  3368 | D:5      | Entered Level 5 of the Dungeon
  3433 | D:5      | Gained mutation: You curl defensively after being hit.
                  | [Palentonga growth]
  3433 | D:5      | Reached XP level 7. HP: 41/62 MP: 7/7
  4327 | D:5      | Reached skill level 6 in Axes
  4330 | D:5      | Reached XP level 8. HP: 49/71 MP: 8/8
  5046 | D:6      | Found a staircase to the Ecumenical Temple.
  5064 | Temple   | Entered the Ecumenical Temple
  5326 | Temple   | Became a worshipper of the Wu Jian Council
  5789 | D:6      | Reached skill level 7 in Axes
  5847 | D:6      | Mangled by an orc warrior

Illustrated notes

Levels and vault maps discovered:
D:1:      onia_arrival_mini_maze, layout_loops_ring, st_stairs_4,
          amethyst_killhole
D:2:      layout_basic, nemelex_xobeh_ov_fountains_minmay, minivault_14
D:3:      layout_basic, minmay_randomly_rotated_circles
D:4:      layout_cave_pools, fedhas_altar_1
D:5:      layout_loops_ring, nzn_random_ring
D:6:      layout_loops_ring, minmay_temple_entry_waves
Temple:   kilobyte_greek_temple

Skill      XL: |  1  2  3  4  5  6  7  8 |
---------------+-------------------------+-----
Shields        | 3 4 |  4.3
Axes           | 3 4 5 6 7 |  7.0
Armour         | 3 4 |  4.5
Dodging        | 1 2 |  2.3
Fighting       | 4 |  4.9
Throwing       | |  0.2
Stealth        | |  0.2

Action                   |  1- 3 |  4- 6 |  7- 9 || total
-------------------------+-------+-------+-------++-------
Melee: War axe           |   117 |   191 |   223 ||   531
       Tailslap          |     8 |    15 |    33 ||    56
Throw: Dart              |       |       |     5 ||     5
Invok: Lunge             |       |       |     2 ||     2
 Abil: Rolling Charge    |    25 |    25 |    20 ||    70
  Use: Potion            |       |     6 |       ||     6
       Scroll            |       |       |     7 ||     7
Armor: Scale mail        |    66 |   120 |   141 ||   327
       Skin              |       |    15 |       ||    15
Dodge: Dodged            |    30 |    59 |    81 ||   170
Block: Kite shield       |    69 |   125 |   113 ||   307
